 Dungeon Crawl Stone Soup version 0.28-a0-514-g0d7ab7f379 (webtiles) character file.

Game seed: 1780000999407850063

5364 wakim the Basher (level 10, -9/85 HPs)
             Began as a Palentonga Fighter on Sept 23, 2021.
             Was an Initiate of Hepliaklqana.
             Killed from afar by a tengu conjurer (37 damage)
             ... with a bolt of lightning
             ... on level 8 of the Dungeon.
             The game lasted 00:24:52 (11293 turns).

wakim the Basher (Palentonga Fighter)              Turns: 11293, Time: 00:24:52

Health: -9/85      AC: 22    Str: 20    XL:     10   Next: 39%
Magic:  10/10      EV:  5    Int:  8    God:    Hepliaklqana [......]
Gold:   314        SH:  6    Dex: 13    Spells: 9/9 levels left

rFire   + + .      SeeInvis +   a - +1 flail (venom)
rCold   + . .      Faith    +   j - +2 buckler
rNeg    . . .      Spirit   .   g - +1 chain mail {rF+}
rPois   +          Reflect  .   m - +2 helmet
rElec   .          Harm     .   n - scarf {rC+ rF+}
rCorr   .          Rampage  .   e - +1 pair of gloves {archery}
Will    +....                   (no barding)
Stlth   ..........              o - amulet of faith
HPRegen 0.24/turn               k - ring of poison resistance
MPRegen 0.12/turn               i - ring of willpower

@: curled up
A: large, rugged brown scales 3, see invisible, deformed body, roll 1, armoured
tail, reflexive curl
a: Rolling Charge, Renounce Religion


You were on level 8 of the Dungeon.
You worshipped Hepliaklqana.
Hepliaklqana was noncommittal.
You visited 2 branches of the dungeon, and saw 9 of its levels.
You also visited: Sewer and Ossuary.

You collected 314 gold pieces.

Inventory:

Hand Weapons
 a - a +1 flail of venom (weapon)
 b - a +2 mace of holy wrath
 c - a +2 flail
Missiles
 d - 30 poisoned darts
 l - 2 throwing nets {=f!f}
Armour
 e - a +1 pair of gloves of archery (worn)
 g - a +1 chain mail of fire resistance (worn)
 j - a +2 buckler (worn)
 m - a +2 helmet (worn)
 n - a scarf of resistance (worn)
Jewellery
 i - a ring of willpower (right hand)
 k - a ring of poison resistance (left hand)
 o - an amulet of faith (around neck)
Wands
 u - a wand of mindburst (10)
 w - a wand of acid (3)
 x - a wand of charming (4)
Scrolls
 f - a scroll of torment {unknown}
 q - a scroll of brand weapon
 R - 5 scrolls of magic mapping {!r}
Potions
 h - a potion of cancellation {unknown}
 B - 3 potions of attraction {!q}
 C - 3 potions of berserk rage {!q}
 F - 7 potions of curing
 G - 6 potions of flight
 J - 2 potions of heal wounds
 K - a potion of magic
 N - 3 potions of might
 O - 3 potions of resistance


   Skills:
 + Level 8.1 Fighting
 * Level 10.8 Maces & Flails
 - Level 6.0 Armour
 - Level 2.4 Shields
 + Level 4.8 Evocations


You had 9 spell levels left.
You didn't know any spells.
Your spell library was empty.

Dungeon Overview and Level Annotations

Branches:
Dungeon (8/15)             Temple (1/1) D:7           Sewer (visited)
Ossuary (visited)
   Lair: D:8-11

Altars:
Ashenzari
Cheibriados
Dithmenos
Elyvilon
Fedhas
Gozag
Hepliaklqana
Makhleb
Qazlal
Ru
Sif Muna
Trog
Uskayaw
Vehumet
Xom
Yredelemnul
Zin
The Shining One

Annotations:
D:7 1 runed translucent door, exclusion: door, Crazy Yiuf


Innate Abilities, Weirdness & Mutations

You are completely covered in rugged brown scales. (AC +3, +7% HP)
You have supernaturally acute eyesight. (SInv)
Armour fits poorly on your strangely shaped body.
You can roll at nearby foes to attack.
You have a long armoured tail.
You curl defensively after being hit.


Message History

You hit the tengu conjurer but do no damage.
The tengu conjurer is poisoned.
The tengu conjurer is lightly wounded.
The tengu conjurer hits you but does no damage.
You block the tengu conjurer's attack.
The tengu conjurer claws you but does no damage.
You sock the tengu conjurer!
The tengu conjurer looks as sick as possible!
The tengu conjurer is moderately wounded.
The tengu conjurer hits you but does no damage.
The tengu conjurer pecks you but does no damage.
The tengu conjurer claws you.
You hit the tengu conjurer.
Your tail-slap misses the tengu conjurer.
The tengu conjurer is moderately wounded.
You miss the tengu conjurer.
The tengu conjurer is moderately wounded.
The tengu conjurer barely misses you. You block the tengu conjurer's attack.
The tengu conjurer barely misses you.
You closely miss the tengu conjurer.
Your tail-slap misses the tengu conjurer.
The tengu conjurer is heavily wounded.
The tengu conjurer hits you but does no damage.
The tengu conjurer pecks you but does no damage.
The tengu conjurer claws you.
You barely miss the tengu conjurer.
The tengu conjurer is severely wounded.
The tengu conjurer casts a spell at you.
The bolt of lightning hits you!!
You miss the tengu conjurer.
The tengu conjurer is severely wounded.
The tengu conjurer gestures at you while chanting.
The bolt of lightning hits you!!
* * * LOW HITPOINT WARNING * * *
You hit the tengu conjurer but do no damage.
The tengu conjurer looks as sick as possible!
The tengu conjurer is severely wounded.
The tengu conjurer gestures at you while chanting.
The bolt of lightning hits you!!!
You die...

######## #......#
#####.####.#
####.....####.# ##
..##....[..#.# #.
#.#.#..##.#.# ####.
#.'.#..##.#.#
##..#Q###.###...)...###
##.#.##@..####.###)....#
#.###.#####<...# #...#.#
##.#.## ######## #.#.#.#
##.## #.....####[#.#.#
#.# #.......[.[#.... #.#
#.....#[#######.
####.###
#.....#.)..#....
#......#
#.......#..#.###
#.##.#.# ####.##<#..#.#


You could see a tengu conjurer (extremely poisoned).

Vanquished Creatures
  A two-headed ogre (D:8)
  A wraith (Ossuary)
  A fire elemental (D:7)
  Grum (D:8)
  3 fire bats (D:7)
  Duvessa (D:7)
  2 orc warriors (D:6)
  A water moccasin (D:7)
  3 sky beasts
  2 ogres (D:5)
  2 ice beasts
  A black bear (D:6)
  3 centaurs
  2 wolves
  3 phantoms
  A kobold brigand (Sewer)
  5 bullfrogs
  Blork the orc (D:5)
  A water moccasin zombie (D:5)
  3 scorpions
  Dowan (D:7)
  A wyvern zombie (D:6)
  A wyvern skeleton (D:5)
  6 killer bees
  5 wights (D:8)
  2 jellies
  A gnoll shaman (D:6)
  3 hounds
  4 orc priests
  An iguana (D:5)
  A centaur skeleton (D:7)
  Jessica (D:2)
  Ijyb (D:4)
  Terence (D:2)
  6 orc wizards
  A hound skeleton (D:4)
  3 mummies (Ossuary)
  6 gnolls
  5 adders
  3 river rats (Sewer)
  2 shadow imps (D:6)
  A white imp (D:6)
  An adder skeleton (D:4)
  A worm (D:3)
  2 dart slugs
  17 orcs
  9 ball pythons
  2 bats
  6 endoplasms
  3 giant cockroaches
  5 goblins
  7 hobgoblins
  5 jackals
  5 quokkas
  2 frilled lizards
  2 gnoll zombies (Ossuary)
  2 hobgoblin zombies (Ossuary)
  6 kobolds
  3 kobold zombies (Ossuary)
  10 rats
182 creatures vanquished.

Notes
Turn   | Place    | Note
-------+----------+-------------------------------------------
     0 | D:1      | wakim the Palentonga Fighter began the quest for the Orb.
     0 | D:1      | Reached XP level 1. HP: 19/19 MP: 1/1
    43 | D:1      | Reached XP level 2. HP: 15/25 MP: 2/2
   166 | D:1      | Found a faded altar of an unknown god.
   555 | D:1      | Reached XP level 3. HP: 15/31 MP: 3/3
  1030 | D:2      | Reached skill level 3 in Maces & Flails
  1141 | D:2      | Noticed Jessica
  1143 | D:2      | Killed Jessica
  1148 | D:2      | Reached XP level 4. HP: 31/37 MP: 4/4
  1398 | D:2      | Noticed Terence
  1407 | D:2      | Killed Terence
  1994 | D:3      | Reached XP level 5. HP: 44/44 MP: 5/5
  2110 | D:3      | Reached skill level 4 in Maces & Flails
  2175 | D:3      | Found a glowing drain.
  2185 | Sewer    | Entered a sewer
  2485 | Sewer    | Reached XP level 6. HP: 9/51 MP: 6/6
  2744 | Sewer    | Found a white marble altar of Elyvilon.
  3160 | D:4      | Found a sand-covered staircase.
  3180 | D:4      | Reached skill level 5 in Maces & Flails
  3298 | Ossuary  | Entered an ossuary
  3298 | Ossuary  | Noticed a wraith
  3298 | Ossuary  | Noticed a wraith
  3298 | Ossuary  | Noticed a wraith
  3384 | Ossuary  | Noticed a wraith
  3397 | Ossuary  | Killed a wraith
  3398 | Ossuary  | Gained mutation: You curl defensively after being hit.
                  | [Palentonga growth]
  3398 | Ossuary  | Reached XP level 7. HP: 13/58 MP: 7/7
  4319 | D:4      | Noticed Ijyb
  4331 | D:4      | Killed Ijyb
  4664 | D:5      | Entered Level 5 of the Dungeon
  4743 | D:5      | Reached skill level 5 in Fighting
  4743 | D:5      | Reached skill level 6 in Maces & Flails
  5412 | D:5      | Reached XP level 8. HP: 67/67 MP: 8/8
  5710 | D:5      | Reached skill level 7 in Maces & Flails
  5736 | D:5      | Found a glowing silver altar of Zin.
  6003 | D:6      | Noticed Blork the orc
  6013 | D:5      | Killed Blork the orc
  6225 | D:6      | Reached skill level 5 in Armour
  6235 | D:6      | Reached skill level 1 in Evocations
  6374 | D:6      | Reached skill level 8 in Maces & Flails
  6416 | D:6      | Reached XP level 9. HP: 42/75 MP: 9/9
  7427 | D:7      | Found a staircase to the Ecumenical Temple.
  7437 | Temple   | Entered the Ecumenical Temple
  7622 | D:7      | Noticed Dowan
  7622 | D:7      | Noticed Duvessa
  7637 | D:7      | Killed Duvessa
  7642 | D:7      | Killed Dowan
  7887 | D:7      | Found a runed translucent door.
  7888 | D:7      | Noticed Crazy Yiuf
  7965 | D:7      | Reached skill level 9 in Maces & Flails
  8534 | D:7      | Found a transporter.
  8665 | D:7      | Found a transporter.
  8979 | Temple   | Became a worshipper of Hepliaklqana the Forgotten
  9373 | D:8      | Reached skill level 10 in Maces & Flails
  9594 | D:8      | Reached XP level 10. HP: 71/83 MP: 10/10
  9864 | D:8      | Noticed Grum
 10150 | D:8      | Killed Grum
 10374 | D:8      | Found a stormy altar of Qazlal.
 10894 | D:8      | Noticed a two-headed ogre
 10898 | D:8      | Killed a two-headed ogre
 11293 | D:8      | Killed from afar by a tengu conjurer

Illustrated notes

Levels and vault maps discovered:
D:1:      eino_arrival_water_cross, layout_rooms, basic_ecumenical_altar,
          minivault_24
D:2:      layout_loops_ring, corner_web_ring, grunt_decor_resistance,
          uniq_terence, uniq_jessica
D:3:      layout_basic, portal_sewer_entry_e, minivault_27
D:4:      layout_loops_cross, nicolae_ossuary_entry_false_entrances,
          grunt_decor_fettered, uniq_ijyb
D:5:      layout_gridville, lemuel_doored_altar, serial_co_window_serial,
          co_window_of_opportunity_a, co_window_paths_b, co_window_paths_a,
          co_window_paths_a, co_window_paths_a, co_window_paths_c,
          co_window_2corner, co_window_unsneaky_path_c, co_window_paths_e,
          glass_columns_b, glass_columns_c, glass_columns_a, glass_columns_a,
          hangedman_decor_push
D:6:      layout_basic, minmay_between, uniq_blork_the_orc
D:7:      gammafunk_cloud_chamber, layout_gridville, minmay_temple_entry_ruins,
          uniq_crazy_yiuf_cottage, uniq_duvessa
D:8:      layout_loops_cross, grunt_qazlal_sundering, minmay_misc_feat_roman,
          kennysheep_just_a_vault, uniq_grum
Temple:   eino_temple_rhombus

Skill      XL: |  1  2  3  4  5  6  7  8  9 10 |
---------------+-------------------------------+-----
Maces & Flails | 3 4 5 6 8 10 | 10.8
Armour         | 3 4 5 6 |  6.0
Fighting       | 4 5 6 7 8 |  8.1
Evocations     | 2 4 |  4.8
Shields        | |  2.4

Action                   |  1- 3 |  4- 6 |  7- 9 | 10-12 || total
-------------------------+-------+-------+-------+-------++-------
Melee: Flail             |    88 |   180 |   240 |    71 ||   579
       Tailslap          |     5 |    15 |    44 |    15 ||    79
       Mace              |       |       |    21 |    12 ||    33
 Abil: Rolling Charge    |    17 |    23 |    47 |    16 ||   103
Evoke: Wand              |       |       |       |     3 ||     3
  Use: Scroll            |     3 |     4 |     9 |       ||    16
       Potion            |       |     1 |     1 |       ||     2
Armor: Scale mail        |    37 |    70 |    44 |       ||   151
       Chain mail        |       |       |    57 |    53 ||   110
       Plate armour      |       |       |    24 |       ||    24
Dodge: Dodged            |    21 |    43 |    45 |    25 ||   134
Block: Buckler           |    10 |    55 |    82 |    28 ||   175

Table legend: (Time is in decaauts)
 A = Elapsed time spent in this place.
 B = Non-inter-level travel time spent in this place.
 C = Inter-level travel time spent in this place.
 D = Time resting spent in this place.
 E = Time spent auto-exploring this place.
 F = Levels seen in this place.
 G = Mean time per level.
                   A        B        C        D        E       F      G
               +--------+--------+--------+--------+--------+-----+--------+
         Total |  11380 |  10723 |    657 |   1556 |   7063 |  11 | 1034.5 |
       Dungeon |   9827 |   9183 |    644 |    813 |   6619 |   8 | 1228.4 |
        Temple |    173 |    160 |     13 |      0 |    135 |   1 |  173.0 |
         Sewer |    631 |    631 |      0 |    447 |    112 |   1 |  631.0 |
       Ossuary |    747 |    747 |      0 |    296 |    196 |   1 |  747.0 |
               +--------+--------+--------+--------+--------+-----+--------+

Top non-repeatable levels by time:
     D:7: 2578 daAuts
     D:5: 1363 daAuts
     D:8: 1224 daAuts
     D:6: 1221 daAuts
     D:1: 919 daAuts
     D:2: 901 daAuts
     D:4: 897 daAuts
 Ossuary: 747 daAuts
     D:3: 721 daAuts
   Sewer: 631 daAuts
  Temple: 173 daAuts
